 Dungeon Crawl Stone Soup version 0.20.1-1-g8b1a95d (webtiles) character file.

20906 tidbits the Martial Artist (level 12, -2/101 HPs)
             Began as a Demigod Transmuter on Aug 24, 2017.
             Shot with an arrow by Nessos (28 damage)
             ... on level 4 of the Lair of Beasts.
             The game lasted 01:17:16 (6099 turns).

tidbits the Martial Artist (Demigod Transmuter)     Turns: 6099, Time: 01:17:17

Health: -2/101     AC:  7    Str: 13    XL:     12   Next: 20%
Magic:  27/33      EV: 17    Int: 25    God:
Gold:   506        SH:  0    Dex: 16    Spells: 7/21 levels left

rFire    . . .     SeeInvis .     - Unarmed
rCold    + . .     Gourm    .   (shield currently unavailable)
rNeg     . . .     Faith    .   B - +0 troll leather armour
rPois    .         Spirit   .   (no helmet)
rElec    .         Reflect  .   C - +2 cloak
rCorr    .         Harm     .   (gloves currently unavailable)
MR       +....     Clarity  +   (no boots)
Stlth    +.........             (no amulet)
Regen    0.7/turn               v - ring of magical power
MPRegen  0.3/turn               Q - ring of protection from cold

@: blade hands (expiring)
A: clarity, high mp 1, wild magic 1
a: End Transformation


You were on level 4 of the Lair of Beasts.
You were not hungry.
You had blades for hands.
You visited 2 branches of the dungeon, and saw 15 of its levels.
You also visited: Ice Cave.

You collected 701 gold pieces.
You spent 195 gold pieces at shops.

Inventory:

Hand Weapons
 a - a +1 spear of venom
   (You found it on level 2 of the Dungeon)
 x - a +4 quarterstaff of chaos
   (You took it off Crazy Yiuf on level 7 of the Dungeon)
 R - a +2 arbalest of freezing
   (You found it in an ice cave)
Missiles
 e - 66 arrows
 g - 90 stones (quivered)
Armour
 B - a +0 troll leather armour (worn)
 C - a +2 cloak (worn)
 S - a +2 animal skin of cold resistance
   (You found it in an ice cave)
 U - the +3 chain mail of the Skies Above {Int+4 Dex+4}
   (You found it in an ice cave)

   It affects your intelligence (+4).
   It affects your dexterity (+4).
Magical Staves
 m - an uncursed staff of summoning
   (You found it on level 6 of the Dungeon)
 t - an uncursed staff of death
   (You found it on level 2 of the Lair of Beasts)
Jewellery
 q - an uncursed ring of positive energy
   (You found it on level 2 of the Lair of Beasts)
 v - a ring of magical power (left scythe-like blade)
   (You found it on level 4 of the Dungeon)
 y - a +3 ring of strength
   (You found it on level 5 of the Dungeon)
 D - an uncursed ring of ice
   (You found it on level 7 of the Dungeon)
 H - an uncursed amulet of guardian spirit
   (You found it on level 8 of the Dungeon)
 Q - a ring of protection from cold (right scythe-like blade)
   (You found it in an ice cave)
Wands
 d - a wand of digging (10/24)
 l - a wand of disintegration (14/24)
 A - a wand of digging (3/24)
 K - a wand of disintegration (9/24)
 N - a wand of random effects (27/48)
 O - a wand of lightning (5/15)
 T - a wand of polymorph (10/24)
Scrolls
 h - 3 scrolls of teleportation
 j - a scroll of enchant armour
 n - 7 scrolls of amnesia
 o - a scroll of fog
 r - 2 scrolls of remove curse
 E - 3 scrolls of fear
 G - a scroll of recharging
 M - a scroll of immolation {unknown}
Potions
 b - a potion of haste
 f - 3 potions of brilliance
 k - a potion of lignification {unknown}
 p - 7 potions of flight
 s - a potion of cancellation
 u - 2 potions of curing
 w - 2 potions of might
 z - 2 potions of resistance
 F - a potion of agility
 I - a potion of ambrosia {unknown}
 J - a potion of magic
 L - a potion of heal wounds
Books
 c - a book of Changes

   Spells                             Type                      Level
   a - Beastly Appendage              Transmutation                1
   b - Sticks to Snakes               Transmutation                2
   c - Spider Form                    Transmutation/Poison         3
   d - Ice Form                       Ice/Transmutation            4
   e - Blade Hands                    Transmutation                5
 P - the Disquisition on the Flying Snowflakes
   (You found it in an ice cave)

   Spells                             Type                      Level
   a - Throw Icicle                   Conjuration/Ice              4
   b - Summon Ice Beast               Ice/Summoning                4
   c - Lightning Bolt                 Conjuration/Air              5
   d - Metabolic Englaciation         Hexes/Ice                    5
Comestibles
 i - 11 bread rations


   Skills:
 + Level 8.0 Fighting
 + Level 8.2 Dodging
 + Level 11.0 Unarmed Combat
 - Level 5.3 Spellcasting
 - Level 10.1 Transmutations
 - Level 2.1 Ice Magic


You had 7 spell levels left.
You knew the following spells:

 Your Spells              Type           Power        Failure   Level  Hunger
h - Blade Hands           Tmut           ######....   38%         5    #####..
i - Ice Form              Ice/Tmut       #####...     50%         4    ###....
k - Sticks to Snakes      Tmut           ######..     13%         2    None
p - Spider Form           Tmut/Pois      #####.....   36%         3    #......


Dungeon Overview and Level Annotations

Branches:
Dungeon (11/15)            Temple (0/1) D:7            Lair (4/6) D:11
 Spider (0/4) Lair:3          Orc (0/2) D:9
  Swamp: Lair:2-4    Shoals: Lair:2-4

Shops:
D:9 *

Annotations:
D:4 dscm's ghost, weakling OpWz
Lair:4 Nessos


Innate Abilities, Weirdness & Mutations

You have an increased reservoir of magic. (+10% MP)
You possess an exceptional clarity of mind.
Your spells are a little harder to cast, but a little more powerful.


Message History

The yak is almost dead.
You slice the yak!!
You kill the yak!
Your Fighting skill increases to level 8!
You shred the bullfrog!!!
You kill the bullfrog!
You hit the yak.
The yak is lightly wounded.
The yak completely misses you.
You shred the yak!!!
You kill the yak!
Your Unarmed Combat skill increases to level 11!
Things that are here:
a yak corpse; a bullfrog corpse; a yak corpse Butcher a yak corpse? [(y)es/(c)hoosy/(n)o/(a)ll/(e)dible/(q)uit/?]
Butcher a yak corpse? [(y)es/(c)hoosy/(n)o/(a)ll/(e)dible/(q)uit/?]
Okay, then.
You butcher the yak corpse.
Items here: % ÷ †† a yak corpse; a bullfrog corpse; 5 chunks of flesh; a yak skeleton Unknown command.
Your transformation is almost over.
Nessos the Markscentaur comes into view.
Nessos shouts!
Nessos wields a glowing longbow.
It bursts into flame!
Nessos shoots an arrow.
The arrow misses you.
A bullfrog comes into view.
The bullfrog gives a loud, deep croak!
Nessos blinks!
You see here an arrow.
Nessos shoots an arrow.
The arrow hits you! The arrow burns you.
Nessos gestures wildly while chanting.
Nessos seems to speed up.
You see here an arrow.
Your hands revert to their normal proportions.
Casting: Blade Hands
Confirm with . or Enter, or press ? or * to list all spells.
You create 3 snakes!
You now have 69 arrows.
The bullfrog completely misses you.
Casting: Sticks to Snakes
Confirm with . or Enter, or press ? or * to list all spells.
Your hands turn into razor-sharp scythe blades.
Something hits your water moccasin. The bullfrog barely misses you.
Your water moccasin bites the bullfrog!
The bullfrog hits you but does no damage.
Your troll leather armour prevents you from hitting the bullfrog.
The bullfrog is moderately wounded.
Nessos wields a longbow of flaming.
It bursts into flame!
Nessos shoots an arrow.
The arrow hits your water moccasin! The arrow burns your water moccasin.
Your water moccasin is poisoned.
Your water moccasin misses the bullfrog.
The bullfrog closely misses you.
Your adder closely misses the bullfrog.
You slash the bullfrog! You slash the bullfrog.
You kill the bullfrog!
Nessos shoots an arrow.
The arrow hits your water moccasin!! The arrow burns your water moccasin.
Your water moccasin dies!
Nessos shoots an arrow.
The arrow misses you. The arrow hits your adder! The arrow burns your adder.
Your adder dies!
Nessos shoots an arrow.
The arrow hits you! The arrow burns you!
You are poisoned.
Things that are here:
an arrow; a bullfrog corpse Your transformation is almost over.
You feel sick.
Nessos unwields an uncursed longbow of flaming.
It stops flaming.
Nessos misses you. Nessos hits you but does no damage.
You see here 2 arrows.
You hit Nessos but do no damage.
You feel sick.
Nessos blinks!
Nessos wields an uncursed longbow of flaming.
It bursts into flame!
Nessos shoots an arrow.
The arrow hits your adder!! The arrow burns your adder.
Your adder dies!
You feel sick.
Nessos shoots an arrow.
The arrow hits you!
* * * LOW HITPOINT WARNING * * *
The arrow burns you.
You are more poisoned.
* * * LOW HITPOINT WARNING * * *
Things that are here:
2 arrows; a bullfrog corpse You feel sick.
You feel better.
Casting: Blade Hands
Confirm with . or Enter, or press ? or * to list all spells.
You create 3 snakes!
You now have 66 arrows.
Nessos shoots an arrow.
The arrow misses you. The arrow hits your adder!! The arrow burns your adder.
Your adder dies!
Nessos shoots an arrow.
The arrow hits you!!
* * * LOW HITPOINT WARNING * * *
The arrow burns you.
You are poisoned.
* * * LOW HITPOINT WARNING * * *
Your adder bites Nessos.
Nessos is poisoned.
Your adder poisons Nessos!
Things that are here:
3 arrows; a bullfrog corpse You feel better.
Nessos shoots an arrow.
The arrow hits you!!
You die...

...####...# ##...c .......
..........# ....##....§..
.........P.# #............
..P#.....##.# #............
........## #.## #.#..........
..#..#.## #.###.#..<.......
.#....### ###†##.((.........
........####.#.S#.#.........#
.........#....((@(c..........
.................S...........
............P..#.............
.........P.....#.......##....
...............#..#.#### ...#
..............#....## ..#
...................# .#
...............#..##
.............#..##


You could see Nessos and 2 friendly adders.

Vanquished Creatures
  A frost giant (IceCv)
  A two-headed ogre (D:9)
  A centaur zombie (D:8)
  An ice statue (IceCv)
  4 spiny frogs
  2 centaur skeletons (D:8)
  2 rime drakes (Lair:3)
  2 trolls
  A hornet (Lair:2)
  19 polar bears (IceCv)
  2 hippogriffs
  A spriggan (D:8)
  A basilisk (D:11)
  25 yaks
  2 hungry ghosts
  8 water moccasins
  5 porcupines
  4 sky beasts
  A hornet zombie (D:8)
  2 ice beasts (D:10)
  An orc warrior (D:9)
  A black bear (D:7)
  A phantom (D:8)
  16 wolves (IceCv)
  4 centaurs
  5 crocodiles
  A big kobold (D:8)
  4 bullfrogs
  2 scorpions
  4 howler monkeys
  4 crimson imps
  A bullfrog skeleton (D:4)
  4 hounds
  3 orc priests (D:9)
  Crazy Yiuf (D:7)
  An iguana (D:8)
  7 worker ants
  2 orc wizards
  A worker ant zombie (D:7)
  8 adders
  2 shadow imps
  2 dart slugs (D:1)
  3 leopard geckos
  17 orcs
  2 ball pythons
  6 bats
  2 giant cockroaches
  4 goblins
  2 hobgoblins (D:2)
  4 jackals
  7 kobolds
  6 quokkas
  2 frilled lizards
  A leopard gecko skeleton (D:4)
  3 rats
219 creatures vanquished.

Vanquished Creatures (collateral kills)
  A hydra (Lair:1)
  2 two-headed ogres
  A troll (D:6)
  2 hippogriffs
  A porcupine (Lair:1)
  An orc warrior (D:9)
  4 ogres
  A bullfrog (Lair:2)
  5 killer bees (D:10)
  3 howler monkeys
  A hound (D:4)
  An orc priest (D:9)
  A centaur skeleton (D:4)
  A bullfrog skeleton (D:9)
  A hound skeleton (D:6)
  An adder (D:6)
  A shadow imp (D:8)
  2 worms
  A leopard gecko (D:3)
  4 orcs
  A jackal (D:3)
  A frilled lizard (D:2)
37 creatures vanquished.

Vanquished Creatures (others)
  4 plants (Lair:1)
  A withered plant (D:8)
5 creatures vanquished.

Grand Total: 261 creatures vanquished

Notes
Turn   | Place    | Note
-------+----------+-------------------------------------------
     0 | D:1      | tidbits the Demigod Transmuter began the quest for the Orb.
     0 | D:1      | Reached XP level 1. HP: 15/15 MP: 5/5
    34 | D:1      | Found a shattered altar of Ashenzari.
   142 | D:2      | Reached skill level 2 in Transmutations
   199 | D:2      | Reached skill level 2 in Spellcasting
   287 | D:2      | Reached XP level 2. HP: 19/22 MP: 3/7
   291 | D:2      | Learned a level 2 spell: Sticks to Snakes
   577 | D:2      | Reached XP level 3. HP: 19/27 MP: 6/8
   582 | D:2      | Learned a level 3 spell: Spider Form
   600 | D:2      | Reached skill level 3 in Transmutations
   873 | D:4      | Reached skill level 3 in Unarmed Combat
   873 | D:4      | Reached XP level 4. HP: 33/34 MP: 2/9
   925 | D:4      | Noticed dscm's ghost (weakling OpWz)
   957 | D:4      | Noticed an ogre
   965 | D:4      | Killed an ogre
   965 | D:4      | Reached XP level 5. HP: 39/39 MP: 2/11
   990 | D:4      | Noticed a sky beast
  1008 | D:4      | Killed a sky beast
  1008 | D:4      | Reached skill level 4 in Unarmed Combat
  1008 | D:4      | Reached skill level 4 in Transmutations
  1172 | D:4      | Reached XP level 6. HP: 25/46 MP: 11/12
  1308 | D:5      | Entered Level 5 of the Dungeon
  1326 | D:5      | Reached skill level 5 in Unarmed Combat
  1670 | D:5      | Reached XP level 7. HP: 29/51 MP: 13/13
  1766 | D:6      | Reached skill level 6 in Unarmed Combat
  1798 | D:6      | Reached skill level 5 in Transmutations
  1807 | D:6      | Noticed a troll
  1849 | D:6      | Gained mutation: Your spells are a little harder to cast, but a little more powerful. [potion of mutation]
  1849 | D:6      | Gained mutation: You possess an exceptional clarity of mind. [potion of mutation]
  2009 | D:6      | Killed a troll
  2009 | D:6      | Reached skill level 7 in Unarmed Combat
  2066 | D:6      | Found a sparkling altar of Nemelex Xobeh.
  2104 | D:7      | Noticed a hungry ghost
  2136 | D:7      | Killed a hungry ghost
  2136 | D:7      | Reached skill level 6 in Transmutations
  2136 | D:7      | Reached XP level 8. HP: 35/58 MP: 14/14
  2291 | D:7      | Found a white marble altar of Elyvilon.
  2342 | D:7      | Reached skill level 1 in Fighting
  2342 | D:7      | Reached skill level 2 in Dodging
  2400 | D:7      | Reached skill level 8 in Unarmed Combat
  2488 | D:7      | Found a staircase to the Ecumenical Temple.
  2549 | D:7      | Found a runed door.
  2556 | D:7      | Noticed Crazy Yiuf
  2561 | D:7      | Killed Crazy Yiuf
  2629 | D:8      | Reached skill level 2 in Fighting
  2647 | D:8      | Reached skill level 3 in Dodging
  2683 | D:8      | Found an opulent altar of Gozag.
  2720 | D:8      | Reached skill level 3 in Fighting
  2803 | D:8      | Reached XP level 9. HP: 39/70 MP: 11/15
  2887 | D:8      | Reached skill level 4 in Dodging
  2973 | D:8      | Noticed a hellwing
  3032 | D:8      | Reached skill level 4 in Fighting
  3093 | D:8      | Reached skill level 9 in Unarmed Combat
  3180 | D:9      | Noticed a two-headed ogre
  3199 | D:9      | Killed a two-headed ogre
  3199 | D:9      | Reached skill level 5 in Fighting
  3199 | D:9      | Reached skill level 5 in Dodging
  3293 | D:9      | Found Eleipnuv's Assorted Antiques.
  3302 | D:9      | Bought a fizzy orange potion for 19 gold pieces
  3302 | D:9      | Bought a runed bronze wand for 88 gold pieces
  3302 | D:9      | Bought a scroll labeled OBLAGA MUILIZ for 22 gold pieces
  3302 | D:9      | Bought a scroll labeled GEOXKU UBYSK for 22 gold pieces
  3307 | D:9      | Bought a scroll of identify for 44 gold pieces
  3437 | D:9      | Learned a level 5 spell: Blade Hands
  3446 | D:10     | Entered Level 10 of the Dungeon
  3458 | D:10     | Noticed a two-headed ogre
  3491 | D:9      | Found a staircase to the Orcish Mines.
  3498 | D:9      | Reached skill level 7 in Transmutations
  3566 | D:10     | Noticed a two-headed ogre
  3730 | D:9      | Reached XP level 10. HP: 62/81 MP: 17/17
  3807 | D:9      | Found a snail-covered altar of Cheibriados.
  3881 | D:9      | Killed a two-headed ogre
  3881 | D:9      | Reached skill level 3 in Spellcasting
  4003 | D:10     | Noticed a two-headed ogre
  4016 | D:10     | Killed a two-headed ogre
  4016 | D:10     | Reached skill level 8 in Transmutations
  4183 | D:11     | Found a blossoming altar of Fedhas.
  4183 | D:11     | Noticed a five-headed hydra
  4199 | D:11     | Found a staircase to the Lair.
  4252 | Lair:1   | Entered Level 1 of the Lair of Beasts
  4364 | Lair:1   | Noticed a five-headed hydra
  4398 | Lair:1   | Killed a five-headed hydra
  4398 | Lair:1   | Reached skill level 6 in Fighting
  4398 | Lair:1   | Reached skill level 6 in Dodging
  4758 | Lair:1   | Reached skill level 10 in Unarmed Combat
  4843 | Lair:2   | Reached XP level 11. HP: 32/91 MP: 19/19
  5063 | Lair:3   | Learned a level 4 spell: Ice Form
  5113 | Lair:3   | Found a hole to the Spider Nest.
  5143 | Lair:3   | Found a frozen archway.
  5150 | Lair:3   | Reached skill level 9 in Transmutations
  5150 | Lair:3   | Reached skill level 1 in Ice Magic
  5163 | IceCv    | Entered an ice cave
  5197 | IceCv    | Reached skill level 2 in Ice Magic
  5258 | IceCv    | Reached skill level 4 in Spellcasting
  5338 | IceCv    | Reached skill level 5 in Spellcasting
  5388 | IceCv    | Reached skill level 10 in Transmutations
  5587 | IceCv    | Reached skill level 7 in Dodging
  5641 | IceCv    | Reached skill level 7 in Fighting
  5695 | IceCv    | HP: 11/110 [polar bear (23)]
  5810 | IceCv    | Noticed a frost giant
  5831 | IceCv    | Killed a frost giant
  5831 | IceCv    | Reached XP level 12. HP: 21/100 MP: 24/24
  5843 | IceCv    | HP: 9/121 [polar bear (11)]
  5850 | IceCv    | Reached skill level 8 in Dodging
  5861 | IceCv    | Identified the Disquisition on the Flying Snowflakes
  5875 | IceCv    | Got a smoking chain mail
  5923 | IceCv    | Identified the +3 chain mail of the Skies Above {Int+4 Dex+4} (You found it in an ice cave)
  6068 | Lair:4   | Reached skill level 8 in Fighting
  6071 | Lair:4   | Reached skill level 11 in Unarmed Combat
  6080 | Lair:4   | Noticed Nessos
  6099 | Lair:4   | Shot with an arrow by Nessos

Skill      XL: |  1  2  3  4  5  6  7  8  9 10 11 12 |
---------------+-------------------------------------+-----
Transmutations | 2 3 4 6 7 8 10 | 10.1
Spellcasting   | 2 3 5 |  5.3
Unarmed Combat | 3 4 5 7 8 9 10 11 | 11.0
Fighting       | 3 5 6 7 8 |  8.0
Dodging        | 3 5 6 7 8 |  8.2
Ice Magic      | 2 |  2.1

Action                   |  1- 3 |  4- 6 |  7- 9 | 10-12 || total
-------------------------+-------+-------+-------+-------++-------
Melee: Short sword       |    15 |       |       |       ||    15
       Kick              |     4 |       |       |       ||     4
       Spear             |    49 |    14 |    37 |    19 ||   119
       Punch             |     1 |     1 |       |    12 ||    14
       Headbutt          |     2 |       |       |       ||     2
       Unarmed           |    12 |    56 |   222 |   335 ||   625
 Cast: Beastly Appendage |    13 |       |       |       ||    13
       Sticks to Snakes  |    14 |    14 |    49 |    32 ||   109
       Spider Form       |     1 |    12 |    33 |     9 ||    55
       Blade Hands       |       |       |       |    24 ||    24
       Ice Form          |       |       |       |     4 ||     4
 Abil: End Transformatio |       |       |    13 |    12 ||    25
Evoke: Wand              |       |       |     3 |     4 ||     7
  Use: Scroll            |     5 |     1 |    21 |     8 ||    35
       Potion            |       |     1 |     2 |     5 ||     8
 Stab: Sleeping          |     3 |     3 |     1 |     2 ||     9
       Distracted        |     1 |     2 |     1 |     1 ||     5
       Invisible         |       |       |       |     4 ||     4
  Eat: Chunk             |     1 |     1 |    10 |    17 ||    29
       Meat ration       |       |     1 |     1 |       ||     2
       Fruit             |       |       |     2 |       ||     2
       Royal jelly       |       |       |       |     1 ||     1
Armor: Robe              |     4 |     1 |     2 |       ||     7
       Skin              |       |     1 |     4 |    23 ||    28
       Troll leather arm |       |       |     8 |    40 ||    48
Dodge: Dodged            |    41 |    57 |   217 |   247 ||   562

Table legend:
 A = Turns spent in this place as a percentage of turns spent in the entire game.
 B = Non-inter-level travel turns spent in this place as a percentage of non-inter-level travel turns spent in the entire game.
 C = Inter-level travel turns spent in this place as a percentage of turns spent in this place.
 D = Turns resting spent in this place as a percentage of non-inter-level travel turns spent in this place.
 E = Turns spent auto-exploring this place as a percentage of non-inter-level travel turns spent in this place.
 F = Non-inter-level travel turns spent in this place divided by the number of levels of this place that you've seen.
                   A       B       C       D       E      F
               +-------+-------+-------+-------+-------+----------------------
         Total | 100.0 | 100.0 |   0.1 |   0.0 |   0.0 | 374.7
       Dungeon |  68.8 |  68.8 |   0.1 |   0.0 |   0.0 | 374.9
          Lair |  17.7 |  17.7 |   0.2 |   0.0 |   0.0 | 264.8
      Ice Cave |  13.5 |  13.5 |   0.0 |   0.0 |   0.0 | 812.0
               +-------+-------+-------+-------+-------+----------------------

Table legend:
 A = Kills in this place as a percentage of kills in entire the game.
 B = Kills by you in this place as a percentage of kills by you in the entire game.
 C = Kills by friends in this place as a percentage of kills by friends in the entire game.
 D = Other kills in this place as a percentage of other kills in the entire game.
 E = Experience gained in this place as a percentage of experience gained in the entire game.
 F = Experience gained in this place divided by the number of levels of this place that you have seen.
                   A       B       C       D       E      F
               +-------+-------+-------+-------+-------+----------------------
         Total | 100.0 | 100.0 | 100.0 |  -nan | 100.0 | 1866.7
       Dungeon |  63.7 |  59.4 |  89.2 |  -nan |  30.6 | 831.2
          Lair |  14.8 |  15.5 |  10.8 |  -nan |  24.2 | 1809.2
      Ice Cave |  21.5 |  25.1 |   0.0 |  -nan |  45.2 | 13487.0
               +-------+-------+-------+-------+-------+----------------------

Vault maps used:
D:1:      lordsloth_arrival_two_stooges, ashenzari_altar_1
D:2:      first_bread
D:3:      serial_corexii_hall, corexii_hall_statues_t, corexii_hall_statues_i
D:4:      minmay_door_path
D:5:      lemuel_zombie_altar_kikubaaqudgha, serial_shops, shop, basic_altar
D:6:      nemelex_xobeh_ov_fountains_minmay, lightli_temple_of_fire
D:7:      lemuel_crystal_altar, minmay_temple_entry_statues_pillars,
          uniq_crazy_yiuf_cottage
D:8:      cheibrodos_grave_circle, kennysheep_little_box, the_bakery,
          kennysheep_generic_room_10
D:9:      cheibrodos_worm_habitat, serial_shops, shop, corexii_corridor_pit
D:11:     david_lair_generic, fedhas_altar_2
Lair:1:   grunt_megastairs_5, serial_bayou_shore_b
Lair:3:   spider_nest_entry_web_field, portal_ice_cave_rime
Lair:4:   nicolae_swamp_entry_splash_gauntlet, uniq_nessos
IceCv:    ice_cave_caverns_01
